 Dungeon Crawl Stone Soup version 0.24.0-125-gc4c63601f3 (webtiles) character file.

Game seed: 2955583649716299215, levelgen mode: deterministic

26 Drkhn the Grave Robber (level 2, 0/20 HPs)
             Began as a Demonspawn Necromancer on Mar 1, 2020.
             Slain by an adder (4 damage)
             ... on level 1 of the Dungeon.
             The game lasted 00:12:29 (659 turns).

Drkhn the Grave Robber (Demonspawn Necromancer)      Turns: 659, Time: 00:12:30

Health: 0/20       AC: 12    Str:  8    XL:     2   Next: 89%
Magic:  0/5        EV: 12    Int: 16    God:
Gold:   39         SH:  0    Dex: 13    Spells: 4/6 levels left

rFire    . . .     SeeInvis .   i - +0 short sword (protect)
rCold    . . .     Gourm    .   (no shield)
rNeg     . . .     Faith    .   a - +1 robe
rPois    .         Spirit   .   (no helmet)
rElec    .         Reflect  .   (no cloak)
rCorr    .         Harm     .   (no gloves)
MR       .....                  (no boots)
Stlth    ++........             (no amulet)
HPRegen  0.06/turn              (no ring)
MPRegen  0.09/turn              (no ring)

@: protection aura
A: molten scales 1
a: no special abilities


You were on level 1 of the Dungeon.
You were not hungry.

You visited 1 branch of the dungeon, and saw 2 of its levels.

You collected 39 gold pieces.

Inventory:

Hand Weapons
 e - a +0 dagger
 i - a +0 short sword of protection (weapon)
Missiles
 g - 15 bolts
Armour
 a - a +1 robe (worn)
Scrolls
 h - a scroll of remove curse
Potions
 b - a potion of degeneration {unknown}
 f - a potion of brilliance {unknown}
 j - a potion of haste {unknown}
 k - a potion of lignification {unknown}
Comestibles
 c - a ration
 d - 3 chunks of flesh


   Skills:
 + Level 0.5 Fighting
 + Level 2.0 Dodging
 + Level 2.0 Stealth
 * Level 2.5 Spellcasting
 * Level 4.7 Necromancy


You had 4 spell levels left.
You knew the following spells:

 Your Spells              Type           Power        Failure   Level  Hunger
a - Pain                  Necr           ###.         2%          1    #......
b - Animate Skeleton      Necr           N/A          2%          1    #......

Your spell library contained the following spells:

 Spells                   Type           Power        Failure   Level  Hunger
 Vampiric Draining        Necr           ###.......   9%          3    ###....
 Regeneration             Chrm/Necr      #.........   22%         3    ###....
 Animate Dead             Necr           N/A          28%         4    #####..


Dungeon Overview and Level Annotations

Branches:
Dungeon (2/15)

Altars:


Innate Abilities, Weirdness & Mutations

You are partially covered in molten scales. (AC +2)


Message History

Casting: Pain (safe; 2% risk of failure)
Confirm with . or Enter, or press ? or * to list all spells.
Okay, then.
Casting: Pain (safe; 2% risk of failure)
Confirm with . or Enter, or press ? or * to list all spells.
Aiming: Pain (safe; 2% risk of failure)
Press: ? - help, Shift-Dir - straight line, f - adder
Aim: an adder (heavily wounded, chance to defeat MR: 82%)
The adder writhes in agony.
The adder bites you but does no damage.
Casting: Pain (safe; 2% risk of failure)
Confirm with . or Enter, or press ? or * to list all spells.
Aiming: Pain (safe; 2% risk of failure)
Press: ? - help, Shift-Dir - straight line, f/p - adder
Aim: an adder (severely wounded, chance to defeat MR: 82%)
The adder writhes in agony.
The adder misses you.
You hit the adder but do no damage.
Your weapon exudes an aura of protection.
The adder is almost dead.
The adder bites you.
You die...

## #.....###.###.####
#.................
#.....###.###.####
###...##.....#.## #
#....###.#.#....###
#.##..........#...#
#>#...##.#.#....#.#
#†S..........#.##..
#.@...###..#######. #
#............≈≈≈≈#. #####
#............≈≈≈≈≈. ....#
#...#####.....≈≈≈≈.
###.###########......##......≈≈≈.
# #..÷............##.#...<....≈≈.
# ###############.##.........≈≈≈.
# ########............≈≈≈. #
...........#...(...≈≈≈≈.


You could see an adder.

Vanquished Creatures
  A leopard gecko (D:1)
  4 giant cockroaches (D:1)
  3 goblins (D:1)
  3 hobgoblins (D:1)
  4 kobolds (D:1)
  2 bats (D:1)
  5 rats (D:1)
22 creatures vanquished.

Notes
Turn   | Place    | Note
-------+----------+-------------------------------------------
     0 | D:1      | Drkhn the Demonspawn Necromancer began the quest for the
                  | Orb.
     0 | D:1      | Reached XP level 1. HP: 13/13 MP: 3/3
     2 | D:1      | Learned a level 1 spell: Animate Skeleton
   232 | D:1      | Gained mutation: You are partially covered in molten
                  | scales. (AC +2) [demonic ancestry]
   232 | D:1      | Reached XP level 2. HP: 13/19 MP: 1/5
   659 | D:1      | Slain by an adder

Levels and vault maps discovered:
D:1:      dpeg_arrival_pond, layout_loops_ring
D:2:      layout_rooms, first_ration

Skill      XL: |  1  2 |
---------------+-------+-----
Dodging        | 2 |  2.0
Stealth        | 2 |  2.0
Fighting       | |  0.5
Spellcasting   | |  2.5
Necromancy     | |  4.7

Action                   || total
-------------------------++-------
Melee: Club              ||    17
       Short sword       ||     4
 Cast: Pain              ||    34
       Animate Skeleton  ||     1
  Use: Scroll            ||     2
 Stab: Sleeping          ||     3
Armor: Robe              ||    20
Dodge: Dodged            ||    31
